 Dungeon Sprint DCSS version 0.20-a0-1116-gaa52201 (webtiles) character file.

606 potatolord5000 the Fighter (level 7, -17/66 HPs)
             Began as a Barachi Fighter on May 8, 2017.
             Demolished by a tyrant leech (22 damage)
             ... in the Dungeon (Sprint II: "The Violet Keep of Menkaure").
             The game lasted 00:01:11 (69 turns).

potatolord5000 the Fighter (Barachi Fighter)          Turns: 69, Time: 00:01:12

Health: -17/66     AC:  8    Str: 25    XL:     7   Next: 42%
Magic:  7/7        EV:  9    Int:  8    God:
Gold:   243        SH: 12    Dex: 11    Spells: 6/6 levels left

rFire    . . .     SeeInvis .   a - +0 war axe
rCold    . . .     Gourm    .   c - +0 shield
rNeg     . . .     Faith    .   b - +0 scale mail
rPois    .         Spirit   .   (no helmet)
rElec    .         Reflect  .   (no cloak)
rCorr    .         Harm     .   (no gloves)
MR       .....     NoTele   +   (no boots)
Stlth    ..........             (no amulet)
Regen    0.3/turn               (no ring)
MPRegen  0.1/turn               (no ring)

@: mighty, slowed, very slow
A: +LOS, swims, slowness 1, strong legs 1
a: Hop


You were in the Dungeon.
You were not hungry.

You visited 1 branch You collected 243 gold pieces.

Inventory:

Hand Weapons
 a - a +0 war axe (weapon)
Armour
 b - a +0 scale mail (worn)
 c - a +0 shield (worn)
Scrolls
 k - a scroll of blinking
Potions
 i - 2 potions of magic
Comestibles
 f - a bread ration


   Skills:
 + Level 10.0 Fighting
 + Level 8.9 Axes
 + Level 10.0 Armour
 + Level 9.2 Shields


You had 6 spell levels left.
You didn't know any spells.

Dungeon Overview and Level Annotations

Branches:
Dungeon (1/1)

Altars:


Innate Abilities, Weirdness & Mutations

Shadows flee at your approach. (+LOS)
You can swim through water.
You cover ground slowly.
You can hop short distances.


Message History

The tyrant leech draws strength from your injuries!
You closely miss the tyrant leech.
The tyrant leech is severely wounded.
The tyrant leech bites you.
The tyrant leech draws strength from your injuries!
You slash the tyrant leech!
The tyrant leech is almost dead.
The tyrant leech bites you!
* * * LOW HITPOINT WARNING * * *
The tyrant leech draws strength from your injuries!
You hit the tyrant leech.
The tyrant leech is almost dead.
The tyrant leech bites you!
* * * LOW HITPOINT WARNING * * *
The tyrant leech draws strength from your injuries!
You block the tyrant leech's attack.
You closely miss the tyrant leech.
The tyrant leech is severely wounded.
The tyrant leech bites you!!
You die...

## ## ##.
.##
#.†#†.#
#.# ##
#†# #.##
##.##...#
+.<.')#
##@##...#
#w# #.##
.#$ ## ..
.. ##.
.## ## ##


You could see a tyrant leech.

Vanquished Creatures
  A merfolk siren (D)
  A tyrant leech (D)
  4 worker ants (D)
6 creatures vanquished.

Notes
Turn   | Place    | Note
-------+----------+-------------------------------------------
     0 | D        | potatolord5000 the Barachi Fighter began the quest for the Orb.
     0 | D        | Reached XP level 1. HP: 18/18 MP: 1/1
     1 | D        | Noticed a worker ant
     1 | D        | Noticed a worker ant
     7 | D        | Killed a worker ant
     7 | D        | Reached skill level 5 in Fighting
     7 | D        | Reached XP level 2. HP: 24/27 MP: 2/2
    17 | D        | Reached skill level 5 in Armour
    17 | D        | Reached XP level 3. HP: 17/33 MP: 3/3
    21 | D        | Reached skill level 5 in Shields
    21 | D        | Reached XP level 4. HP: 21/40 MP: 4/4
    22 | D        | Reached skill level 5 in Axes
    30 | D        | Noticed a merfolk siren
    38 | D        | Killed a merfolk siren
    38 | D        | Reached XP level 5. HP: 27/52 MP: 5/5
    38 | D        | Reached XP level 6. HP: 30/59 MP: 6/6
    42 | D        | Noticed a tyrant leech
    42 | D        | Noticed a tyrant leech
    54 | D        | Killed a tyrant leech
    54 | D        | Reached skill level 10 in Fighting
    54 | D        | Reached skill level 10 in Armour
    54 | D        | Reached XP level 7. HP: 62/66 MP: 7/7
    69 | D        | Demolished by a tyrant leech

Vault maps used:
D:        the_violet_keep_of_menkaure

Skill      XL: |  1  2  3  4  5  6 |
---------------+-------------------+-----
Fighting       | 5 6 9 10 | 10.0
Axes           | 3 4 8 |  8.9
Armour         | 4 5 9 10 | 10.0
Shields        | 4 5 8 9 |  9.2

Action                   |  1- 3 |  4- 6 |  7- 9 || total
-------------------------+-------+-------+-------++-------
Melee: War axe           |    17 |    17 |    14 ||    48
  Use: Potion            |     1 |     3 |     1 ||     5
Armor: Scale mail        |     4 |       |     1 ||     5
Dodge: Dodged            |     1 |     5 |     3 ||     9
Block: Shield            |     6 |     4 |     5 ||    15
